 Dungeon Crawl Stone Soup version 0.19-a0-1655-gdd95918 (webtiles) character file.

36 zxpr0jk the Scratcher (level 3, -9/17 HPs)
             Began as a Felid Chaos Knight on Sept 21, 2016.
             Was an Initiate of Jiyva.
             Killed from afar by a smoke demon (23 damage)
             ... with a ball of steam
             ... on level 1 of the Abyss.
             The game lasted 00:05:54 (1057 turns).

zxpr0jk the Scratcher (Felid Chaos Knight)          Turns: 1057, Time: 00:05:55

Health: -9/17      AC:  1    Str:  8    XL:     3   Next: 19%
Magic:  4/4        EV: 18    Int: 13    God:    Jiyva [......]
Gold:   138        SH:  0    Dex: 16    Spells: 0 memorised, 2 levels left
                                        Lives:  0   Deaths: 0

rFire  . . .     SeeInvis +       - Unarmed
rCold  . . .     Gourm    .     (armour unavailable)
rNeg   . . .     Faith    .     (shield unavailable)
rPois  .         Spirit   .     (helmet unavailable)
rElec  .         Dismiss  +     (cloak unavailable)
rCorr  .         Reflect  .     (gloves unavailable)
MR     .....     Harm     .     (boots unavailable)
Stlth  +++.......               j - amulet of dismissal
                                (no ring)
                                (no ring)

@: quick
A: no armour, no weapons or thrown items, claws 1, fangs 3, see invisible,
carnivore 3, speed 1, shaggy fur 1, slow metabolism 1, sharp paws
a: Renounce Religion


You were on level 1 of the Abyss.
You worshipped Jiyva.
Jiyva was noncommittal.
You were very full.

You visited 1 branch of the dungeon, and saw 2 of its levels.
You visited the Abyss 1 time.

You collected 138 gold pieces.

Inventory:

Jewellery
 j - an amulet of dismissal (around neck)
Wands
 i - a wand of slowing (22/48)
 k - a wand of acid (6/15)
Scrolls
 c - 2 scrolls of teleportation {unknown}
 g - a scroll of immolation {unknown}
 l - a scroll of recharging {unknown}
Potions
 b - a potion of might {unknown}
 d - 2 potions of ambrosia {unknown}
 e - a potion of magic {unknown}
 h - a potion of degeneration {unknown}
Comestibles
 a - a meat ration
 f - a beef jerky


   Skills:
 - Level 3.0 Fighting
 - Level 3.2 Dodging
 * Level 3.1 Stealth
 + Level 3.5 Unarmed Combat


You had 2 spell levels left.
You didn't know any spells.

Dungeon Overview and Level Annotations

Branches:
Dungeon (2/15)

Altars:


Innate Abilities, Weirdness & Mutations

You cannot wear armour.
You are incapable of wielding weapons or throwing items.
You have sharp claws.
You have razor-sharp teeth.
You have supernaturally acute eyesight. (SInv)
You are carnivorous and can eat meat at any time.
You cover ground quickly.
You are covered in fur. (AC +1)
You have a slow metabolism.
Your sharp claws are effective at attacking unaware monsters.


Message History

A red devil comes into view. It is wielding a trident.
The red devil moves out of view.
A red devil and a sun demon come into view.
The sun demon shouts!
You hear a shout!
A thrashing horror comes into view.
Okay, then.
A hellwing comes into view.
The thrashing horror roars!
The hellwing gives a chilling moan.
The thrashing horror misses you. The thrashing horror tramples you.
You stumble backwards!
The thrashing horror closely misses you.
The thrashing horror misses you.
Found a leatherbound book.
The thrashing horror closely misses you. x2
The red devil completely misses you. The smoke demon gestures at you.
The ball of steam hits you!
Ouch! That really hurt!
You die...
Xom chortles!

##... ...#.#.. . #.##.
.#.....## ...###...
#.#..#. # ##
.....##...##.....###.#
... ...####.#.......
... ##.3####..# .3# #
#....#...##.# ##
.####.#.3.4####....
... #.##@X.#.34# . #.
###.##.3# #. . #. ##.#
. .. ..#..#..# #..###
.#..# ... .# ..:. #.#.
## #.. #... .


You could see a sun demon, a thrashing horror, 2 smoke demons and a red devil.

Vanquished Creatures
  An ooze (D:1)
  2 dart slugs (D:1)
  A leopard gecko (D:1)
  A giant cockroach (D:2)
  6 goblins
  A hobgoblin (D:1)
  3 kobolds
  5 bats
  2 frilled lizards
  4 rats
26 creatures vanquished.

Notes
Turn   | Place    | Note
-------+----------+-------------------------------------------
     0 | D:1      | zxpr0jk the Felid Chaos Knight began the quest for the Orb.
     0 | D:1      | Reached XP level 1. HP: 10/10 MP: 2/2
    59 | D:1      | Reached skill level 1 in Stealth
    62 | D:1      | Reached XP level 2. HP: 9/14 MP: 3/3
   303 | D:1      | XOM: silly message
   653 | D:2      | Reached XP level 3. HP: 13/17 MP: 4/4
   851 | D:2      | XOM: medium Tloc miscast
   851 | D:2      | Cast into level 1 of the Abyss (the capriciousness of Xom)
   876 | Abyss:1  | Found a hazy altar of Hepliaklqana.
   882 | Abyss:1  | Found a viscous altar of Jiyva.
   887 | Abyss:1  | Fell from the grace of Xom
   887 | Abyss:1  | Became a worshipper of Jiyva Juxt the Shapeless
   976 | Abyss:1  | Noticed a tentacled starspawn
   979 | Abyss:1  | Noticed an efreet
   991 | Abyss:1  | Noticed a large abomination
  1009 | Abyss:1  | Noticed a ynoxinul
  1034 | Abyss:1  | Noticed a smoke demon
  1050 | Abyss:1  | Noticed a smoke demon
  1050 | Abyss:1  | Noticed a balrug
  1052 | Abyss:1  | Noticed a red devil
  1054 | Abyss:1  | Noticed a sun demon
  1054 | Abyss:1  | Noticed a red devil
  1055 | Abyss:1  | Noticed a thrashing horror
  1055 | Abyss:1  | Noticed a hellwing
  1057 | Abyss:1  | Killed from afar by a smoke demon

Vault maps used:
D:1:      lemuel_arrival_room
D:2:      minmay_misc_feat_pillars

Skill      XL: |  1  2 |
---------------+-------+-----
Stealth        | 1 3 |  3.1
Fighting       | |  3.0
Dodging        | |  3.2
Unarmed Combat | |  3.5

Action                   || total
-------------------------++-------
Melee: Unarmed           ||    68
       Bite              ||     6
 Stab: Sleeping          ||     7
  Eat: Chunk             ||     6
Armor: Skin              ||     7
Dodge: Dodged            ||    50
